[Event "ICC Open 2015"]
[Site "Internet Chess Club"]
[Date "2015.05.30"]
[Round "7"]
[White "OptimusMagister"]
[Black "Ernani"]
[Result "1-0"]
[ICCResult "Black checkmated"]
[WhiteElo "2307"]
[BlackElo "2649"]
[Opening "Dunst (Sleipner, Heinrichsen) opening"]
[ECO "A00"]
[NIC "VO.15"]
[Time "15:22:58"]
[TimeControl "180+0"]

1. Nc3 d5 2. e4 d4 3. Nce2 c5 4. Ng3 Nc6 5. f4 g6 6. Nf3 Bg7 7. Bc4 Na5 8.
Bb5+ Bd7 9. Bxd7+ Qxd7 10. d3 f6 11. f5 e6 12. Nh4 Ne7 13. Qg4 exf5 14. exf5
Nac6 15. O-O Ne5 16. Qe4 O-O-O 17. Bf4 g5 18. Nh5 N7c6 19. Bxe5 Nxe5 20. Nf3
Nc6 21. Rae1 Rhe8 22. Qg4 Qf7 23. b3 Bf8 24. Re6 Rxe6 25. fxe6 Qe7 26. Re1
Kb8 27. Qf5 Bg7 28. Qxh7 Bf8 29. Qxe7 Bxe7 30. Ng7 Kc7 31. Nf5 Rh8 32. g3 b5
33. Kg2 a5 34. a3 Rb8 35. h4 gxh4 36. gxh4 a4 37. bxa4 bxa4 38. h5 Rg8+ 39.
Kh3 Bd6 40. h6 Rh8 41. Kg4 Be5 42. Kh5 Kd8 43. Kg6 Rg8+ 44. Kf7 Rh8 45. Kg7
Re8 46. h7 Ne7 47. Nxe7 Rxe7+ 48. Kg6 Re8 49. Nh4 f5 50. Nxf5 Bh8 51. Re4
Rf8 52. Nd6 Rf6+ 53. Kg5 Rf2 54. Nf7+ Ke7 55. Nxh8 Rg2+ 56. Kh6 Kf6 57. Rf4+
Ke7 58. Ng6+ Kxe6 59. Kg7 Rh2 60. h8=Q Rg2 61. Qe8+ Kd5 62. Qe5+ Kc6 63.
Rf6+ Kb5 64. Qb8+ Ka5 65. Qb6# {Black checkmated} 1-0

[Event "ICC Open 2015"]
[Site "Internet Chess Club"]
[Date "2015.05.30"]
[Round "7"]
[White "maopalov"]
[Black "Impite"]
[Result "0-1"]
[ICCResult "White resigns"]
[WhiteElo "1655"]
[BlackElo "1188"]
[Opening "Ruy Lopez: Classical defense deferred"]
[ECO "C70"]
[NIC "RL.09"]
[Time "15:23:38"]
[TimeControl "180+0"]

1. e4 e5 2. Nf3 Nc6 3. Bb5 a6 4. Ba4 Bc5 5. c3 Nf6 6. Qe2 d6 7. h3 Bd7 8.
O-O Qe7 9. Bc2 h6 10. Rd1 g5 11. d4 Bb6 12. a4 O-O-O 13. b4 exd4 14. cxd4 g4
15. hxg4 Bxg4 16. b5 Nb8 17. Nc3 a5 18. e5 Nfd7 19. Ba3 Qe8 20. Nd5 Ba7 21.
Qe3 dxe5 22. dxe5 Bxe3 23. Nxe3 Bxf3 24. gxf3 Rg8+ 25. Kf1 Qxe5 26. Be4 Qh2
27. Nd5 Rg1+ 28. Ke2 Rxd1 29. Rxd1 Qe5 30. Rc1 c6 31. bxc6 Nxc6 32. Kf1 Kb8
33. Rc2 Nf6 34. Bb2 Qh5 35. Bxf6 Qh3+ 36. Ke2 Re8 37. Rb2 Qe6 38. Bc3 Qxd5
39. Ke3 Qc5+ 40. Bd4 Qxd4+ 41. Kf4 Qxb2 {White resigns} 0-1

[Event "ICC Open 2015"]
[Site "Internet Chess Club"]
[Date "2015.05.30"]
[Round "7"]
[White "wagnerbi"]
[Black "kingzal"]
[Result "1-0"]
[ICCResult "Black forfeits on time"]
[WhiteElo "1915"]
[BlackElo "1461"]
[Opening "Old Benoni defense"]
[ECO "A43"]
[NIC "OI.09"]
[Time "15:23:46"]
[TimeControl "180+0"]

1. d4 c5 2. d5 Na6 3. c4 Nc7 4. Nc3 d6 5. e4 g6 6. Be3 Bg7 7. Qd2 e5 8. dxe6
fxe6 9. Nge2 e5 10. O-O-O Bf8 11. g3 Ne6 12. f4 Nd4 13. fxe5 dxe5 14. Nd5 h6
15. Nec3 a6 16. h4 Bg4 17. Be2 Be6 18. Rdf1 Bd6 19. Bd1 Rb8 20. Ba4+ b5 21.
cxb5 axb5 22. Bxd4 bxa4 23. Be3 a3 24. b3 Rh7 25. Rd1 Qa5 26. Kc2 Bxd5 27.
Qxd5 {Black forfeits on time} 1-0

[Event "ICC Open 2015"]
[Site "Internet Chess Club"]
[Date "2015.05.30"]
[Round "7"]
[White "paulohaddad"]
[Black "chessrex"]
[Result "1-0"]
[ICCResult "Black forfeits on time"]
[WhiteElo "1849"]
[BlackElo "2101"]
[Opening "Queen's pawn: Charlick (Englund) gambit"]
[ECO "A40"]
[NIC "QO.17"]
[Time "15:23:17"]
[TimeControl "180+0"]

1. d4 e5 2. dxe5 Nc6 3. Nf3 f6 4. exf6 Nxf6 5. Bg5 d5 6. e3 h6 7. Bh4 g5 8.
Bg3 Ne4 9. Bd3 Nxg3 10. Bg6+ Ke7 11. hxg3 Qd6 12. Bd3 Qf6 13. Nc3 Be6 14.
Bb5 Rd8 15. Qe2 Bg7 16. O-O-O a6 17. Ba4 b5 18. Bb3 b4 19. Na4 Na5 20. Nd4
Rd6 21. c3 Nxb3+ 22. axb3 Bd7 23. Nc5 bxc3 24. bxc3 Bb5 25. Nxb5 axb5 26.
Qd3 Qxc3+ 27. Qxc3 Bxc3 28. Kc2 b4 29. Na4 Bg7 30. Rhe1 Ra8 31. e4 d4 32.
Rd3 Rc6+ 33. Kb2 Rc3 34. Rxc3 bxc3+ 35. Kc2 Kd6 36. f4 c5 37. e5+ Kd5 38. e6
Re8 39. f5 c4 40. Nb6+ Kc5 41. Nxc4 Bf6 42. Kd3 Rb8 43. e7 Re8 44. Re6 Bxe7
45. Nd6 Bxd6 46. Rxe8 Kb4 47. f6 Kxb3 48. f7 c2 49. Rc8 Kb2 50. Kd2 d3 51.
Rc6 Bb4+ 52. Kxd3 c1=Q 53. Rxc1 Kxc1 54. Ke4 Bf8 55. Kf5 Kd2 56. Kg6 Ke3 57.
Kh7 Kf2 58. Kg8 Bd6 59. f8=Q+ Bxf8 60. Kxf8 Kxg3 61. Kg7
{Black forfeits on time}
1-0

[Event "ICC Open 2015"]
[Site "Internet Chess Club"]
[Date "2015.05.30"]
[Round "7"]
[White "pagoda"]
[Black "LUCECOAGU"]
[Result "0-1"]
[ICCResult "White forfeits on time"]
[WhiteElo "1946"]
[BlackElo "2356"]
[Opening "Vienna game"]
[ECO "C28"]
[NIC "VG.04"]
[Time "15:23:09"]
[TimeControl "180+0"]

1. Nc3 e5 2. e4 Nc6 3. Bc4 Nf6 4. d3 Bb4 5. Nf3 d5 6. exd5 Nxd5 7. Bd2 Bxc3
8. bxc3 O-O 9. O-O Bg4 10. h3 Bh5 11. a4 Re8 12. Re1 Qd6 13. Qe2 Rad8 14. g4
Bg6 15. Ng5 Nb6 16. Bb3 e4 17. a5 Nd5 18. Nxe4 Bxe4 19. dxe4 Nf4 20. Bxf4
Qxf4 21. Qe3 g5 22. Qxf4 gxf4 23. Ba4 Rd2 24. Rad1 Red8 25. Rxd2 Rxd2 26.
Bxc6 bxc6 27. Rc1 f3 28. a6 Kf8 29. Rb1 Rxc2 30. Rb7 Rxc3 31. Rxc7 c5 32.
Rxa7 Ra3 33. Kh2 Kg7 34. Kg3 Kf6 35. Kf4 c4 36. Rc7 c3 37. a7 c2 38. Rxc2
Rxa7 39. Rc6+ Kg7 40. g5 Ra3 41. h4 h5 42. Rh6 Ra2 43. Kxf3 Ra3+ 44. Kf4 Rh3
45. Rxh5 Rh2 46. f3 f6 47. gxf6+ Kxf6 48. Rh6+ Kg7 49. Rb6 Rxh4+ 50. Kg5 Rh1
51. f4 Rg1+ 52. Kf5 Rh1 53. Rb7+ Kf8 54. e5 Rh6 55. e6 Ke8 56. Ke5 Rh1 57.
f5 Re1+ 58. Kf6 Kd8 59. Rb8+ Kc7 60. e7 Kxb8 61. Kf7 Kc7 62. e8=Q Rg1
{White forfeits on time}
0-1

[Event "ICC Open 2015"]
[Site "Internet Chess Club"]
[Date "2015.05.30"]
[Round "7"]
[White "safadi001"]
[Black "BlueJ"]
[Result "1-0"]
[ICCResult "Black resigns"]
[WhiteElo "1838"]
[BlackElo "2154"]
[Opening "Sicilian: Smith-Morra gambit"]
[ECO "B21"]
[NIC "SI.48"]
[Time "15:23:29"]
[TimeControl "180+0"]

1. e4 c5 2. d4 cxd4 3. c3 dxc3 4. Nxc3 Nc6 5. Nf3 d6 6. Bc4 a6 7. O-O Nf6 8.
e5 dxe5 9. Qxd8+ Nxd8 10. Nxe5 b5 11. Nxb5 axb5 12. Bxb5+ Nd7 13. Rd1 Ra7
14. Be3 Rb7 15. Ba4 f6 16. Nxd7 Bxd7 17. Rxd7 Rxd7 18. Rd1 Kf7 19. Rxd7 Ne6
20. Bb3 f5 21. Rb7 f4 22. Bxf4 g5 23. Bxg5 Rg8 24. Be3 Rg6 25. f4 Bh6 26.
Rb6 Rf6 27. Rxe6 Rxe6 28. Bxe6+ Kxe6 29. f5+ Kxf5 30. Bxh6 Ke4 31. Bc1 Kd3
32. Kf1 Kc2 33. a4 Kxc1 34. a5 Kxb2 35. a6 e5 36. a7 e4 37. a8=Q e3 38. Qe4
{Black resigns}
1-0

[Event "ICC Open 2015"]
[Site "Internet Chess Club"]
[Date "2015.05.30"]
[Round "7"]
[White "kava"]
[Black "DarkThrone"]
[Result "1-0"]
[ICCResult "Black resigns"]
[WhiteElo "2865"]
[BlackElo "2418"]
[Opening "QGD Slav: 3.Nf3"]
[ECO "D11"]
[NIC "QP.09"]
[Time "15:24:18"]
[TimeControl "180+0"]

1. Nf3 d5 2. d4 c6 3. c4 dxc4 4. e3 b5 5. a4 e6 6. axb5 cxb5 7. b3 Bb4+ 8.
Bd2 Bxd2+ 9. Nbxd2 a5 10. bxc4 b4 11. Bd3 Nf6 12. O-O Bb7 13. c5 Nbd7 14.
Qa4 Qc7 15. Bb5 O-O 16. c6 Nb6 17. cxb7 Nxa4 18. bxa8=Q Rxa8 19. Bxa4 Nd5
20. Ne4 Nb6 21. Rfc1 Qa7 22. Nc5 Nd5 23. Bc6 Rc8 24. Bxd5 exd5 25. Ne5 f6
26. Ned3 Qb6 27. Nb2 b3 28. Rc3 Qb4 29. Rxb3 Qd2 30. g3 h5 31. Kg2 h4 32.
Nbd3 h3+ 33. Kxh3 Kh7 34. Kg2 g5 35. Rb2 Qc3 36. Rc1 Qa3 37. Rcc2 Kg6 38.
Ra2 Rxc5 39. Rxa3 Rxc2 40. Rxa5 Kf5 41. Rxd5+ Ke4 42. Nb4 Rb2 43. Rb5 f5 44.
Nd5 Rd2 45. Nf6+ Kd3 46. Rxf5 g4 47. Nxg4 Ke2 48. Rf4 Ke1 49. h4 Rd1 50. h5
Ke2 51. h6 {Black resigns} 1-0

[Event "ICC Open 2015"]
[Site "Internet Chess Club"]
[Date "2015.05.30"]
[Round "7"]
[White "gsvc"]
[Black "Red-white"]
[Result "0-1"]
[ICCResult "White resigns"]
[WhiteElo "2670"]
[BlackElo "3103"]
[Opening "Giuoco Piano: Bird's attack"]
[ECO "C54"]
[NIC "IG.02"]
[Time "15:24:02"]
[TimeControl "180+0"]

1. e4 e5 2. Nf3 Nc6 3. Bc4 Bc5 4. c3 Nf6 5. b4 Be7 6. d3 O-O 7. O-O d5 8.
exd5 Nxd5 9. Re1 Nb6 10. Bb3 Bg4 11. h3 Bh5 12. g4 Bg6 13. b5 Na5 14. Nxe5
Bf6 15. d4 Bxe5 16. Rxe5 Nbc4 17. Rc5 Nd6 18. Nd2 Re8 19. Ba3 b6 20. Rd5 Qh4
21. Bxd6 cxd6 22. Qf3 Rad8 23. Rc1 Re7 24. c4 Rde8 25. Rxd6 h5 26. c5 Nxb3
27. axb3 hxg4 28. hxg4 Be4 29. Nxe4 Rxe4 30. Kf1 Rxg4 31. Re1 Rg1+ 32. Kxg1
Rxe1+ 33. Kg2 Qh1+ 34. Kg3 Rg1+ 35. Kf4 g5+ 36. Ke3 Re1+ {White resigns} 0-1

[Event "ICC Open 2015"]
[Site "Internet Chess Club"]
[Date "2015.05.30"]
[Round "7"]
[White "Discoverchess"]
[Black "NICO"]
[Result "1-0"]
[ICCResult "Black checkmated"]
[WhiteElo "2470"]
[BlackElo "2325"]
[Opening "English opening"]
[ECO "A20"]
[NIC "EO.24"]
[Time "15:23:54"]
[TimeControl "180+0"]

1. c4 e5 2. g3 Nf6 3. Bg2 d5 4. cxd5 Nxd5 5. Nc3 Nb6 6. e3 c5 7. Nge2 Be7 8.
O-O O-O 9. f4 exf4 10. Nxf4 c4 11. b3 Nc6 12. bxc4 Nxc4 13. d3 N4e5 14. d4
Bg4 15. Qc2 Ng6 16. Nfd5 Nb4 17. Qb3 Be6 18. Nxe7+ Qxe7 19. d5 Bd7 20. a3
Na6 21. Qxb7 Nc5 22. Qb4 Rfb8 23. Qc4 Rc8 24. d6 Qxd6 25. Qxf7+ Kh8 26. Bxa8
Rxa8 27. Bb2 Bh3 28. Ne4 Qf8 29. Qxf8+ Nxf8 30. Nxc5 Bxf1 31. Rxf1 Ng6 32.
Rf7 Rb8 33. Bd4 Rd8 34. Ne6 Rd6 35. Nxg7 Kg8 36. Rxa7 h5 37. Nf5 Rd5 38.
Rg7+ Kf8 39. Rxg6 Rxd4 40. Nxd4 Ke8 41. Rg7 Kd8 42. a4 Kc8 43. a5 Kb8 44. a6
h4 45. a7+ Ka8 46. Nb5 h3 47. Rg8+ Kb7 48. a8=Q+ Kb6 49. Rg6+ Kc5 50. Qa7+
Kb4 51. Qd4+ Kb3 52. Qd3+ Kb2 53. Qc3+ Kb1 54. Na3+ Ka2 55. Qc2+ Kxa3 56.
Ra6+ Kb4 57. Ra4+ Kb5 58. Qc4+ Kb6 59. Ra6+ Kb7 60. Qc6+ Kb8 61. Ra8#
{Black checkmated}
1-0

[Event "ICC Open 2015"]
[Site "Internet Chess Club"]
[Date "2015.05.30"]
[Round "7"]
[White "jps7"]
[Black "ROWLAND"]
[Result "0-1"]
[ICCResult "White forfeits on time"]
[WhiteElo "1567"]
[BlackElo "1735"]
[Opening "Queen's pawn game"]
[ECO "D04"]
[NIC "QP.06"]
[Time "15:23:15"]
[TimeControl "180+0"]

1. d4 Nf6 2. Nf3 d5 3. e3 g6 4. Bd3 Bg7 5. O-O O-O 6. b3 c5 7. Bb2 Nc6 8. a3
Bg4 9. Nbd2 cxd4 10. exd4 Ne4 11. Be2 Nxd2 12. Qxd2 Bxf3 13. Bxf3 e6 14.
Rad1 Qh4 15. g3 Qh3 16. Bg2 Qg4 17. c3 Rac8 18. h3 Qh5 19. f4 Bh6 20. Qf2 f5
21. Kh2 g5 22. Rfe1 g4 23. h4 Qg6 24. Re2 Bg7 25. Rde1 Rf6 26. b4 a6 27. a4
Nd8 28. Re5 Rf7 29. R5e2 Rfc7 30. Qe3 b5 31. a5 Rc4 32. Qd3 R8c6 33. Bf1 h5
34. Re3 Qf7 35. Qd2 Bf6 36. Bxc4 Rxc4 37. Qe2 Rc6 38. Ba1 Qe7 39. Qd3 Kf7
40. Qd2 Bxh4 41. gxh4 Qxh4+ 42. Kg2 Qh3+ 43. Rxh3 gxh3+ 44. Kxh3 Kf6 45. Rg1
Nf7 46. Qg2 Ke7 47. Qg6 Nd6 48. Qxh5 Nf7 49. Qh7 Rc7 50. Rg7 Ke8 51. Rxf7
Rxf7 {White forfeits on time} 0-1

[Event "ICC Open 2015"]
[Site "Internet Chess Club"]
[Date "2015.05.30"]
[Round "7"]
[White "BehindBluEyes"]
[Black "Mardaker"]
[Result "0-1"]
[ICCResult "White checkmated"]
[WhiteElo "2275"]
[BlackElo "2725"]
[Opening "Caro-Kann defense"]
[ECO "B12"]
[NIC "CK.01"]
[Time "15:24:35"]
[TimeControl "180+0"]

1. e4 c6 2. d4 g6 3. f3 Bg7 4. Be3 Na6 5. c3 Nc7 6. Bd3 d5 7. e5 f6 8. f4
Nh6 9. Nf3 O-O 10. O-O Bf5 11. h3 Qd7 12. Qe2 Bxd3 13. Qxd3 Qf5 14. Qe2 Ne6
15. Qd2 Qe4 16. c4 Nf5 17. Bf2 Nxf4 18. Nc3 Qd3 19. Qxf4 Qxc4 20. Rad1 Rae8
21. g4 fxe5 22. Nxe5 Bxe5 23. Qxe5 Nd6 24. Be3 Nf7 25. Qe6 Kg7 26. Rf3 Nd8
27. Qe5+ Kg8 28. Rxf8+ Rxf8 29. Bh6 Rf7 30. Ne2 Qa4 31. b3 Qxa2 32. Rf1
Rxf1+ 33. Kxf1 Kf7 34. Nf4 Qb1+ 35. Kf2 Qxb3 36. Qb8 Qb2+ 37. Kg3 Qc3+ 38.
Kh2 Qd2+ 39. Kg3 Qe3+ 40. Kh4 Ne6 41. Nxe6 Qxh6+ 42. Kg3 Qe3+ 43. Kh4 Qxe6
44. Qxb7 Qe1+ 45. Kg5 Qe3+ 46. Kh4 Qf2+ 47. Kg5 Qf6+ 48. Kh6 g5+ 49. Kh5
Qg6# {White checkmated} 0-1

[Event "ICC Open 2015"]
[Site "Internet Chess Club"]
[Date "2015.05.30"]
[Round "7"]
[White "AlexSlizhevsky"]
[Black "kaspinha"]
[Result "0-1"]
[ICCResult "White forfeits on time"]
[WhiteElo "2019"]
[BlackElo "2323"]
[Opening "Caro-Kann: Bronstein-Larsen variation"]
[ECO "B16"]
[NIC "CK.07"]
[Time "15:23:42"]
[TimeControl "180+0"]

1. e4 c6 2. d4 d5 3. Nc3 dxe4 4. Nxe4 Nf6 5. Nxf6+ gxf6 6. c3 Bf5 7. Nf3 Nd7
8. g3 Bg7 9. Bg2 O-O 10. O-O e6 11. Nh4 Bg6 12. f4 f5 13. Nf3 Bh5 14. Qb3
Qb6 15. Be3 Bxf3 16. Bxf3 Nf6 17. Kf2 Ne4+ 18. Kg2 Rac8 19. Rfd1 Rfd8 20.
Qxb6 axb6 21. Rd3 Nc5 22. Rd2 Ne4 23. Rdd1 Nf6 24. h3 b5 25. g4 fxg4 26.
hxg4 h6 27. Kg3 Kf8 28. Rh1 Nd5 29. Bd2 Nb6 30. Rad1 Nc4 31. Bc1 b4 32. Be2
Nb6 33. g5 hxg5 34. fxg5 bxc3 35. bxc3 c5 36. dxc5 Nd7 37. Ba3 Ke8 38. Bb5
Bxc3 39. g6 fxg6 40. Rh7 Kf8 {White forfeits on time} 0-1

[Event "ICC Open 2015"]
[Site "Internet Chess Club"]
[Date "2015.05.30"]
[Round "7"]
[White "beaupre"]
[Black "gioachino82"]
[Result "1-0"]
[ICCResult "Black forfeits on time"]
[WhiteElo "1823"]
[BlackElo "1456"]
[Opening "Pirc: classical, h3 system"]
[ECO "B08"]
[NIC "PU.10"]
[Time "15:24:01"]
[TimeControl "180+0"]

1. e4 d6 2. d4 Nf6 3. Nc3 g6 4. Nf3 Bg7 5. h3 O-O 6. Be3 c6 7. Qd2 Qc7 8.
Bh6 e5 9. Bxg7 Kxg7 10. Bd3 Nbd7 11. h4 h5 12. Ng5 Re8 13. Bc4 d5 14. exd5
cxd5 15. Bxd5 Nxd5 16. Nxd5 Qd6 17. dxe5 Rxe5+ 18. Ne3 Qxd2+ 19. Kxd2 Rb5
20. b3 Nf6 21. f3 Bd7 22. Rad1 Rc8 23. Kc1 Rbc5 24. c4 b5 25. Rd4 bxc4 26.
Rxc4 Rxc4+ 27. bxc4 Bc6 28. Kb2 a5 29. Rd1 a4 30. a3 Rb8+ 31. Ka2 Rb3 32.
Re1 Nd7 33. Nc2 Kf6 34. Nd4 Rc3 35. Nxc6 Rxc4 36. Nb4 Nc5 37. Ne4+ Nxe4 38.
Rxe4 Rc3 39. Nd5+ {Black forfeits on time} 1-0

[Event "ICC Open 2015"]
[Site "Internet Chess Club"]
[Date "2015.05.30"]
[Round "7"]
[White "Favarin"]
[Black "klodshans"]
[Result "1-0"]
[ICCResult "Black forfeits on time"]
[WhiteElo "1944"]
[BlackElo "1618"]
[Opening "Queen's Pawn"]
[ECO "A41"]
[NIC "QO.17"]
[Time "15:23:41"]
[TimeControl "180+0"]

1. d4 d6 2. Bf4 g6 3. Nc3 Bg7 4. Qd2 Nc6 5. O-O-O e5 6. dxe5 dxe5 7. Qxd8+
Nxd8 8. Be3 c6 9. Nf3 Ne6 10. g3 Nh6 11. h3 Nf5 12. Bd2 Bd7 13. Bg2 O-O-O
14. e4 Nfd4 15. Be3 Kb8 16. Kb1 Nxf3 17. Bxf3 Nd4 18. Bxd4 exd4 19. Na4 b6
20. b3 c5 21. Nb2 Be6 22. Be2 Rd6 23. f4 Rhd8 24. e5 R6d7 25. Bf3 Bd5 26.
Bxd5 Rxd5 27. Nc4 Kc7 28. Rhe1 b5 29. Nb2 Kc6 30. Nd3 a5 31. Nf2 c4 32. Ne4
d3 33. cxd3 cxd3 34. Rc1+ Kb6 35. Red1 Rd4 36. Nf2 d2 37. Rc2 f6 38. exf6
Bxf6 39. Ng4 Bg7 40. Ne3 Rd3 41. Nf1 b4 42. Rcxd2 Rxd2 43. Rxd2 Rxd2 44.
Nxd2 Bc3 45. Ne4 Be1 46. Kc2 Kc6 47. Kd3 Kd5 48. g4 h6 49. Nf6+ Ke6 50. Ne8
Bg3 51. Ke4 Ke7 52. Nc7 Kd6 53. Nb5+ Ke6 54. Nd4+ Kf6 55. Ne2 g5 56. Nxg3
gxf4 57. Kxf4 {Black forfeits on time} 1-0

[Event "ICC Open 2015"]
[Site "Internet Chess Club"]
[Date "2015.05.30"]
[Round "7"]
[White "Tomorrowlan"]
[Black "faust"]
[Result "0-1"]
[ICCResult "White forfeits on time"]
[WhiteElo "2866"]
[BlackElo "3216"]
[Opening "Réti: King's Indian attack"]
[ECO "A05"]
[NIC "QP.11"]
[Time "15:23:59"]
[TimeControl "180+0"]

1. Nf3 Nf6 2. g3 g6 3. Bg2 d5 4. O-O Bg7 5. d3 O-O 6. Nbd2 d4 7. e3 dxe3 8.
fxe3 Nc6 9. e4 e5 10. h3 h6 11. Nc4 Nh7 12. Be3 Be6 13. Ncd2 Qe7 14. Rf2
Rad8 15. Kh2 a5 16. a4 b6 17. b3 Qe8 18. Nc4 f5 19. exf5 gxf5 20. Qc1 f4 21.
gxf4 exf4 22. Bd2 Qh5 23. Qg1 Bxa1 24. Qxa1 Bd5 25. Bc3 Ng5 26. Qf1 Ne7 27.
Nce5 Nf5 28. Nxg5 hxg5 29. Bxd5+ Rxd5 30. Ng4 Rd6 31. Qe2 Qg6 32. Qe5 Kh7
33. Re2 f3 34. Re1 f2 35. Nxf2 Nh4 36. Qe7+ Qf7 37. Ng4 Nf3+ 38. Kg3 Nxe1
39. Qe4+ Qf5 40. Qxe1 Re6 41. Qd1 Qf4+ {White forfeits on time} 0-1

[Event "ICC Open 2015"]
[Site "Internet Chess Club"]
[Date "2015.05.30"]
[Round "7"]
[White "chesswooog"]
[Black "smoothg"]
[Result "0-1"]
[ICCResult "White forfeits on time"]
[WhiteElo "2092"]
[BlackElo "1867"]
[Opening "Robatsch (modern) defense"]
[ECO "B06"]
[NIC "KF.05"]
[Time "15:23:30"]
[TimeControl "180+0"]

1. e4 g6 2. d4 Bg7 3. c4 c5 4. d5 d6 5. Nc3 Nf6 6. h3 Na6 7. Nf3 Nc7 8. Bd3
O-O 9. Be3 a6 10. a4 Bd7 11. Qd2 Rb8 12. Bh6 b5 13. axb5 axb5 14. Bxg7 Kxg7
15. e5 dxe5 16. Nxe5 b4 17. Ne4 Nfe8 18. Nxc5 Nf6 19. Ncxd7 Nxd7 20. Nc6 Qe8
21. Nxb8 Qxb8 22. O-O Nf6 23. Rfe1 Nce8 24. Rxe7 Nd6 25. Raa7 Qb6 26. Qe3
Qxe3 27. fxe3 Rb8 28. e4 Nde8 29. Rxf7+ Kh6 30. e5 Kg5 31. exf6 Nxf6 32.
Rfb7 Re8 33. b3 Re1+ 34. Kh2 Rc1 {White forfeits on time} 0-1

[Event "ICC Open 2015"]
[Site "Internet Chess Club"]
[Date "2015.05.30"]
[Round "7"]
[White "QuintilianoR"]
[Black "BigSerge"]
[Result "1-0"]
[ICCResult "Black resigns"]
[WhiteElo "2517"]
[BlackElo "2020"]
[Opening "King's Indian: orthodox, Aronin-Taimanov, bayonet attack"]
[ECO "E97"]
[NIC "KI.05"]
[Time "15:24:28"]
[TimeControl "180+0"]

1. d4 Nf6 2. c4 d6 3. Nf3 g6 4. Nc3 Bg7 5. e4 O-O 6. Be2 e5 7. O-O Nc6 8. d5
Ne7 9. b4 Ne8 10. a4 h6 11. c5 f5 12. Nd2 g5 13. Ba3 Ng6 14. exf5 Bxf5 15.
Nde4 Nf4 16. Bg4 Qd7 17. Bxf5 Qxf5 18. b5 Rd8 19. cxd6 cxd6 20. Rc1 Rf7 21.
Ng3 Qg6 22. Nge4 Bf8 23. Qc2 Rc8 24. g3 Nh3+ 25. Kg2 g4 26. Qe2 h5 27. Kh1
Rf3 28. Bb4 Ng5 29. Nxg5 Qxg5 30. Ne4 Qxc1 31. Rxc1 Rxc1+ 32. Kg2 Ra1 33.
Qd2 Rxa4 34. Qg5+ Bg7 35. Qxh5 Rxb4 36. Qxe8+ Kh7 37. Ng5+ Kh6 38. Nxf3
gxf3+ 39. Kxf3 e4+ 40. Kg2 Rb2 41. Qe6+ Kh7 42. Qxe4+ Kg8 43. h4 Rxb5 44.
Qe8+ {Black resigns} 1-0

[Event "ICC Open 2015"]
[Site "Internet Chess Club"]
[Date "2015.05.30"]
[Round "7"]
[White "Kyekerz"]
[Black "jugador"]
[Result "0-1"]
[ICCResult "White checkmated"]
[WhiteElo "1292"]
[BlackElo "1701"]
[Opening "Sicilian: dragon variation"]
[ECO "B70"]
[NIC "SI.15"]
[Time "15:25:30"]
[TimeControl "180+0"]

1. e4 c5 2. Nf3 d6 3. d4 cxd4 4. Nxd4 Nf6 5. Nc3 g6 6. Bc4 Bg7 7. O-O Nc6 8.
Be3 O-O 9. Qd2 a6 10. Nxc6 bxc6 11. Bh6 Bxh6 12. Qxh6 d5 13. exd5 cxd5 14.
Rad1 e6 15. h3 Rb8 16. b3 Qa5 17. Bxd5 Qxc3 18. Rd2 exd5 19. Re1 Bf5 20. Re3
Qxd2 21. Kh2 d4 22. g4 Bxg4 23. Rg3 Qxh6 24. Rxg4 Nxg4+ 25. Kg3 Ne5 26. Kh2
Qg5 27. Kh1 Nf3 28. h4 Qg1# {White checkmated} 0-1

[Event "ICC Open 2015"]
[Site "Internet Chess Club"]
[Date "2015.05.30"]
[Round "7"]
[White "VrloJakMK"]
[Black "DMDIS"]
[Result "1/2-1/2"]
[ICCResult "White stalemated"]
[WhiteElo "2240"]
[BlackElo "1893"]
[Opening "QGD Slav accepted"]
[ECO "D15"]
[NIC "SL.03"]
[Time "15:24:20"]
[TimeControl "180+0"]

1. d4 d5 2. c4 c6 3. Nf3 Nf6 4. Nc3 dxc4 5. g3 b5 6. Bg2 b4 7. Nb1 Be6 8.
O-O Bd5 9. Qa4 e6 10. Bg5 Be7 11. Nbd2 Nbd7 12. Rac1 Nb6 13. Qa6 Ne4 14.
Nxe4 Bxe4 15. Bxe7 Qxe7 16. Ne5 Bxg2 17. Kxg2 Qd6 18. Rfd1 Qd5+ 19. f3 O-O
20. e4 Qb5 21. Qb7 Na4 22. Qxc6 Qxc6 23. Nxc6 Nxb2 24. Rd2 c3 25. Rdc2 a5
26. Ne5 f6 27. Ng4 Rfd8 28. d5 exd5 29. exd5 Rxd5 30. Re1 Rad8 31. Ree2 a4
32. Ne3 Rd3 33. Nf5 b3 34. axb3 axb3 35. Rc1 c2 36. Ne7+ Kf7 37. Nc6 R8d6
38. Nb4 Rd2 39. Kf2 Rxe2+ 40. Kxe2 Nc4 41. Nd3 Rxd3 42. Kxd3 b2 43. Kxc2
bxc1=Q+ 44. Kxc1 Ne3 45. h3 Nf5 46. g4 Nd4 47. f4 Ne2+ 48. Kd2 Nxf4 49. h4
Ng2 50. h5 Nf4 51. Ke3 Nxh5 52. gxh5 g6 53. h6 g5 54. Ke4 Kg6 55. Kf3 Kxh6
56. Kg4 Kg6 57. Kf3 f5 58. Kg3 f4+ 59. Kf3 h5 60. Ke4 h4 61. Kf3 Kh5 62. Kg2
g4 63. Kh2 Kg5 64. Kg2 Kf5 65. Kh2 Ke4 66. Kg2 Ke3 67. Kf1 f3 68. Kg1 g3 69.
Kf1 h3 70. Kg1 Ke2 71. Kh1 h2 {White stalemated} 1/2-1/2

[Event "ICC Open 2015"]
[Site "Internet Chess Club"]
[Date "2015.05.30"]
[Round "7"]
[White "catman"]
[Black "triumphant1"]
[Result "0-1"]
[ICCResult "White forfeits on time"]
[WhiteElo "1654"]
[BlackElo "2144"]
[Opening "Queen's pawn, Mason variation"]
[ECO "D00"]
[NIC "QP.08"]
[Time "15:23:48"]
[TimeControl "180+0"]

1. d4 d5 2. Bf4 Nf6 3. e3 Bf5 4. Nf3 c6 5. c4 Qb6 6. Qc1 e6 7. Nc3 Bb4 8.
Nd2 Qa5 9. Be2 Bxc3 10. bxc3 Ne4 11. Nxe4 Bxe4 12. O-O O-O 13. Qb2 b6 14.
Bd6 Re8 15. Bb4 Qa4 16. cxd5 cxd5 17. Bd6 Qc2 18. Qxc2 Bxc2 19. Bb5 Rd8 20.
Be7 Rc8 21. Rac1 Rxc3 22. Bb4 Rc8 23. Bd3 Nc6 24. Rxc2 Nxb4 25. Rd2 Nxd3 26.
Rxd3 Rc2 27. a3 Rac8 28. Rb3 R8c3 29. Rxc3 Rxc3 30. Ra1 Kf8 31. h4 Ke7 32.
g3 Kd6 33. a4 Rc4 34. Kf1 Rc2 35. Ke1 f6 36. Ra3 e5 37. dxe5+ fxe5 38. Rb3
Ra2 39. Rb4 Kc5 40. Rg4 g6 41. Rg5 e4 42. h5 Rxa4 43. hxg6 hxg6 44. Rxg6
Ra1+ 45. Ke2 Ra2+ 46. Kf1 a5 47. Kg2 a4 48. g4 a3 49. Rg8 Rb2 50. Ra8 b5 51.
g5 b4 52. g6 Kc4 53. g7 a2 54. g8=Q b3 55. Qc8+ Kd3 56. Qc6 Kd2 57. Qxd5+
Kc1 58. Qc4+ Kb1 59. Qxe4+ Rc2 60. Qd4 b2 61. Qe4 a1=Q 62. Rxa1+ bxa1=Q 63.
Qb4+ Qb2 64. Qe1+ Rc1 65. Qa5 Rc2 {White forfeits on time} 0-1

[Event "ICC Open 2015"]
[Site "Internet Chess Club"]
[Date "2015.05.30"]
[Round "7"]
[White "A4-H5"]
[Black "Xing"]
[Result "1-0"]
[ICCResult "Black checkmated"]
[WhiteElo "1699"]
[BlackElo "1411"]
[Opening "English opening"]
[ECO "A20"]
[NIC "EO.24"]
[Time "15:24:37"]
[TimeControl "180+0"]

1. c4 e5 2. g3 d6 3. Bg2 Nf6 4. Nc3 c6 5. Nf3 Ke7 6. O-O b5 7. c5 Bb7 8.
cxd6+ Qxd6 9. d4 Nbd7 10. Bg5 h6 11. dxe5 Nxe5 12. Bxf6+ Qxf6 13. Ne4 Qe6
14. Nxe5 Qxe5 15. Qc2 Rd8 16. Rad1 Rxd1 17. Rxd1 f5 18. Qc5+ Qxc5 19. Nxc5
Bc8 20. Bxc6 Kf6 21. Nd7+ Kg5 22. h4+ Kg4 23. Kg2 Kh5 24. Ne5 Bc5 25. Bf3#
{Black checkmated}
1-0

[Event "ICC Open 2015"]
[Site "Internet Chess Club"]
[Date "2015.05.30"]
[Round "7"]
[White "QuieroAprender"]
[Black "ivancele"]
[Result "0-1"]
[ICCResult "White forfeits on time"]
[WhiteElo "1382"]
[BlackElo "1662"]
[Opening "King's pawn opening"]
[ECO "B07"]
[NIC "VO.17"]
[Time "15:23:38"]
[TimeControl "180+0"]

1. e4 d6 2. Nf3 Nf6 3. e5 dxe5 4. Nxe5 g6 5. b3 Bg7 6. Bb2 O-O 7. d4 c5 8.
Nf3 cxd4 9. Qxd4 Qxd4 10. Bxd4 Nc6 11. Bb2 Bg4 12. Be2 Rad8 13. O-O Ne4 14.
Bxg7 Kxg7 15. h3 Bxf3 16. Bxf3 Nd2 17. Nxd2 Rxd2 18. Bxc6 bxc6 19. Rac1 Rfd8
20. Rfe1 Kf6 21. Kf1 e6 22. Re2 Rd1+ 23. Re1 R1d2 24. Re2 R2d6 25. c4 c5 26.
f3 a5 27. Kf2 h5 28. Rcc2 Rd4 29. Ke1 Rd1+ 30. Kf2 Ra1 31. Re1 Rdd1 32. Rxd1
Rxd1 33. Ke2 Ra1 34. Ke3 Kf5 35. g4+ hxg4 36. hxg4+ Ke5 37. f4+ Kf6 38. Rd2
g5 39. fxg5+ Kxg5 40. Rg2 f6 41. Ke4 Re1+ 42. Kd3 e5 43. Kd2 Ra1 44. Kc3 f5
45. gxf5+ Kxf5 46. Rf2+ Ke4 47. a4 Ke3 48. Rf7 Rc1+ 49. Kb2 Rd1 50. Rc7 Rd2+
51. Kc3 Rd3+ 52. Kc2 e4 53. Rxc5 Rd2+ 54. Kc1 Ke2 55. Rd5 e3
{White forfeits on time}
0-1